 Dungeon Crawl Stone Soup version 0.26.1-11-gd32895ea62 (webtiles) character file.

Game seed: 5338906603694867230

628 solopath the Digger (level 7, -3/46 HPs)
             Began as a Formicid Earth Elementalist on Apr 27, 2021.
             Was an Initiate of Dithmenos.
             Shot with an arrow by a centaur (13 damage)
             ... on level 8 of the Dungeon.
             The game lasted 00:19:33 (8019 turns).

solopath the Digger (Formicid Earth Elementalist)   Turns: 8019, Time: 00:19:33

Health: -3/46      AC:  4    Str: 11 (13) XL:     7   Next: 77%
Magic:  20/20      EV: 12    Int: 15 (16) God:    Dithmenos [......]
Gold:   175        SH:  0    Dex:  9 (11) Spells: 0/12 levels left

rFire    . . .     SeeInvis +   e - staff of earth
rCold    . . .     Faith    .   (no shield)
rNeg     + . .     Spirit   .   c - +1 robe
rPois    +         Reflect  .   (helmet unavailable)
rElec    .         Harm     .   (no cloak)
rCorr    .         Rampage  .   h - +0 pair of gloves
Will     .....                  (no boots)
Stlth    +++.......             (no amulet)
HPRegen  0.15/turn              a - ring of positive energy
MPRegen  0.17/turn              k - ring of magical power

@: no status effects
A: permanent stasis, dig shafts and tunnels, four strong arms, antennae 3,
deterioration 1, poison resistance
a: Dig, Shaft Self, Renounce Religion


You were on level 8 of the Dungeon.
You worshipped Dithmenos.
Dithmenos was noncommittal.
You visited 2 branches of the dungeon, and saw 9 of its levels.

You collected 175 gold pieces.

Inventory:

Hand Weapons
 f - a +0 spear
 g - a +0 dagger
 o - a +0 falchion
Missiles
 b - 34 stones
 j - 2 curare-tipped darts (quivered)
Armour
 c - a +1 robe (worn)
 h - a +0 pair of gloves (worn)
Magical Staves
 e - an uncursed staff of earth (weapon)
Jewellery
 a - a ring of positive energy (left hand)
 k - a ring of magical power (right hand)
Wands
 l - a wand of digging (3)
 p - a wand of polymorph (8)
Scrolls
 m - 7 scrolls of identify
 n - 3 scrolls of teleportation
 r - a scroll of remove curse
Potions
 d - 6 potions of curing
 i - 3 potions of attraction
 q - a potion of cancellation


   Skills:
 - Level 1.4 Short Blades
 + Level 1.4 Staves
 - Level 1.7 Dodging
 + Level 5.2 Stealth
 - Level 3.1 Spellcasting
 - Level 3.0 Transmutations
 * Level 7.0 Earth Magic
 + Level 1.7 Evocations


You couldn't memorise any spells.
You knew the following spells:

 Your Spells              Type           Power        Failure   Level
a - Sandblast             Erth           70%          1%          1
b - Passwall              Tmut/Erth      21%          3%          2
c - Petrify               Tmut/Erth      26%          24%         4
d - Lee's Rapid Deconstr  Erth           17%          30%         5

Your spell library contained the following spells:

 Spells                   Type           Power        Failure   Level
 Stone Arrow              Conj/Erth      38%          14%         3
 Freeze                   Ice            8%           21%         1
 Summon Small Mammal      Summ           8%           21%         1
 Call Imp                 Summ           2%           30%         2
 Call Canine Familiar     Summ           2%           52%         3
 Frozen Ramparts          Ice            4%           52%         3
 Ozocubu's Armour         Ice            2%           52%         3
 Summon Guardian Golem    Hex/Summ       2%           52%         3
 Hailstorm                Conj/Ice       2%           89%         4
 Summon Ice Beast         Ice/Summ       2%           89%         4
 Summon Lightning Spire   Summ/Air       2%           89%         4


Dungeon Overview and Level Annotations

Branches:
Dungeon (7/15)             Temple (1/1) D:7

Altars:
Ashenzari
Dithmenos
Fedhas
Kikubaaqudgha
Makhleb
Nemelex Xobeh
Okawaru
Qazlal
Sif Muna
Uskayaw
Vehumet
Xom
The Shining One

Annotations:
D:5 epicjoe's ghost, novice MiBe
D:7 1 runed translucent door, azarias's ghost, novice GrEE


Innate Abilities, Weirdness & Mutations

You cannot be hasted, slowed, berserked, paralysed or teleported.
You can dig through walls and to a lower floor.
Your four strong arms can wield two-handed weapons with a shield.
You have a pair of large antennae on your head. (SInv)
Your body sometimes deteriorates upon taking damage.
Your system is resistant to poisons. (rPois)


Message History

The centaur wields a +0 shortbow.
The centaur shoots an arrow.
The arrow hits you!
You see here an arrow.
The centaur shoots an arrow.
The arrow barely misses you.
An orc comes into view.
The orc priest mumbles some strange prayers to Beogh against you.
Beogh smites you!
* * * LOW HITPOINT WARNING * * *
Unknown command.
You feel better.
The centaur shoots an arrow.
The arrow barely misses you.
The centaur shoots an arrow.
The arrow hits you!
Your body deteriorates!
You feel dopey.
Unknown command.
The centaur shoots an arrow.
The arrow hits you!
* * * LOW HITPOINT WARNING * * *
Your body deteriorates!
You feel weakened.
You see here an arrow.
Unknown command.
You feel better.
The centaur shoots an arrow.
The arrow hits you!
You die...

#..... #...... #..... #####
#..... ##.### ..... #....# #
##.### ...... #....#
...#....# ......
#....#..#...#....#
......#####....#..'...'....#
...............#..#...#....#
.....o.oc..@.>.'..#...#....#
....oo..o(.....#..##..##....
.o......(......#..##..##....
....####.....(.#............
... #.......'............ .{
#.......#............
#.......#..##.......#
#.......#..##.......#
#.......#..##..##....


You could see an orc warrior, a centaur, an orc priest and 3 orcs.

Vanquished Creatures
  A scorpion (D:8)
  A hound (D:5)
  A quasit (D:8)
  A water moccasin simulacrum (D:5)
  A jelly (D:7)
  4 orc wizards
  2 orc priests
  2 worker ants
  6 adders
  A hound simulacrum (D:5)
  A shadow imp (D:8)
  3 oozes
  3 worms
  4 dart slugs
  3 leopard geckos
  17 orcs
  A ball python (D:1)
  5 giant cockroaches
  6 goblins
  7 hobgoblins
  15 jackals
  8 kobolds
  5 quokkas
  12 bats
  6 frilled lizards
  A jackal simulacrum (D:5)
  A jackal skeleton (D:4)
  2 leopard gecko skeletons (D:4)
  7 rats
127 creatures vanquished.

Notes
Turn   | Place    | Note
-------+----------+-------------------------------------------
     0 | D:1      | solopath the Formicid Earth Elementalist began the quest
                  | for the Orb.
     0 | D:1      | Reached XP level 1. HP: 13/13 MP: 3/3
    33 | D:1      | Reached XP level 2. HP: 15/19 MP: 0/5
   131 | D:1      | Reached skill level 4 in Earth Magic
   466 | D:1      | Reached XP level 3. HP: 15/24 MP: 0/6
  1677 | D:2      | Reached XP level 4. HP: 21/30 MP: 7/7
  1685 | D:2      | Learned a level 2 spell: Passwall
  1690 | D:2      | Learned a level 4 spell: Petrify
  2537 | D:2      | Reached skill level 5 in Earth Magic
  3063 | D:2      | Reached XP level 5. HP: 32/35 MP: 6/8
  3764 | D:3      | Found a faded altar of an unknown god.
  4935 | D:4      | Reached XP level 6. HP: 39/41 MP: 10/10
  6007 | D:4      | Reached skill level 1 in Short Blades
  6014 | D:4      | Reached skill level 6 in Earth Magic
  6405 | D:4      | You fall into a shaft and drop 2 floors!
  6413 | D:7      | Found a runed translucent door.
  6413 | D:7      | Noticed azarias's ghost (novice GrEE)
  6459 | D:7      | Found a sparkling altar of Nemelex Xobeh.
  6471 | D:7      | Found a staircase to the Ecumenical Temple.
  6485 | D:7      | Reached XP level 7. HP: 43/46 MP: 11/11
  6486 | Temple   | Entered the Ecumenical Temple
  6581 | Temple   | Became a worshipper of Dithmenos the Shadowed
  6766 | D:7      | Gained mutation: Your movements are slightly less
                  | encumbered by armour. (ER -2) [potion of mutation]
  6766 | D:7      | Gained mutation: You are agile. (Dex +2) [potion of
                  | mutation]
  6793 | D:5      | Entered Level 5 of the Dungeon
  6793 | D:5      | Found a runed translucent gate.
  6793 | D:5      | Found a runed translucent gate.
  6793 | D:5      | Found a runed translucent gate.
  6846 | D:5      | Learned a level 5 spell: Lee's Rapid Deconstruction
  6847 | D:5      | Noticed epicjoe's ghost (novice MiBe)
  6976 | D:6      | Found a stormy altar of Qazlal.
  6976 | D:6      | Found a shimmering blue altar of Sif Muna.
  7020 | D:6      | Lost mutation: You are agile. (Dex +2) [potion of mutation]
  7020 | D:6      | Lost mutation: Your movements are slightly less encumbered
                  | by armour. (ER -2) [potion of mutation]
  7020 | D:6      | Gained mutation: Your body sometimes deteriorates upon
                  | taking damage. [potion of mutation]
  7020 | D:6      | Gained mutation: Your system is resistant to poisons.
                  | (rPois) [potion of mutation]
  7035 | D:6      | You fall into a shaft and drop 2 floors!
  7146 | D:8      | Reached skill level 1 in Evocations
  7733 | D:8      | Reached skill level 1 in Staves
  7817 | D:8      | Reached skill level 5 in Stealth
  7907 | D:8      | Reached skill level 7 in Earth Magic
  8019 | D:8      | Shot with an arrow by a centaur

Illustrated notes

Levels and vault maps discovered:
D:1:      dpeg_arrival_rooms_c, layout_basic
D:2:      layout_basic, roderic_malta_cross
D:3:      layout_loops_ring, chequers_ecumenical_altar_island,
          grunt_ministairs_1, minmay_misc_feat_enclosed
D:4:      layout_basic, kennysheep_little_box, nicolae_overflow_hidden_temple,
          grunt_ministairs_8, uniq_eustachio
D:5:      layout_layer_cave, lemuel_doored_altar, gammafunk_ghost_icy
D:6:      layout_basic, zin_statuary, gammafunk_temple_overflow_wave,
          serial_shops, nicolae_shop_waterfront, corner_web_ring,
          hangedman_decor_riveting
D:7:      layout_loops_cross, nemelex_xobeh_ov_fountains_minmay,
          lemuel_crystal_altar, lemuel_crystal_altar, kennysheep_mini_moat,
          minmay_temple_entry_sparse_star, gammafunk_ghost_grave
D:8:      layout_gridville, uniq_maurice, uniq_grum, uniq_maggie
Temple:   jpeg_temple_alley_garden

Skill      XL: |  1  2  3  4  5  6  7 |
---------------+----------------------+-----
Earth Magic    | 4 5 6 7 |  7.0
Stealth        | 3 4 5 |  5.2
Transmutations | 2 3 |  3.0
Short Blades   | 1 |  1.4
Spellcasting   | 3 |  3.1
Evocations     | 1 |  1.7
Staves         | 1 |  1.4
Dodging        | |  1.7

Action                   |  1- 3 |  4- 6 |  7- 9 || total
-------------------------+-------+-------+-------++-------
Melee: Unarmed           |     1 |       |       ||     1
       Dagger            |   104 |   165 |       ||   269
       Falchion          |       |   124 |       ||   124
       Staff             |       |       |    70 ||    70
Throw: Dart              |     1 |    10 |     2 ||    13
 Cast: Sandblast         |    21 |    32 |    21 ||    74
 Abil: Shaft Self        |       |       |     1 ||     1
  Use: Scroll            |     1 |     6 |     1 ||     8
       Potion            |       |     3 |     6 ||     9
 Stab: Sleeping          |     2 |    13 |       ||    15
Armor: Robe              |    26 |    57 |    41 ||   124
Dodge: Dodged            |    64 |   239 |    87 ||   390
       Rpst.: Falchion   |       |    35 |       ||    35
